 Dungeon Sprint DCSS version 0.16-a0-4088-g7c8221e (console) character file.

35600000 Monkaria the Conqueror (level 27, 258/272 (273) HPs)
             Began as a Ghoul Fighter on Feb 22, 2015.
             Was the Champion of Makhleb.
             Escaped with the Orb!
             The game lasted 00:07:44 (178 turns).

Monkaria the Conqueror (Ghoul Fighter)               Turns: 178, Time: 00:07:45

HP:   258/272 (273) AC: 13    Str: 25 (30) XL:     27
MP:   43/49         EV: 21    Int:  7 (10) God:    Makhleb [******]
Gold: 0             SH:  0    Dex:  9      Spells: 0 memorised, 80 levels left

rFire  . . .     SeeInvis .     g - +โˆž Axe of Woe
rCold  + . .     Clarity  .     b - +0 scale mail
rNeg   + + +     SustAb   .     (no shield) rPois โˆž
Gourm  .                        (no helmet)
rElec  .         Spirit   .     (no cloak)
rCorr  .         Warding  .     (no gloves)
rMut   .         NoTele   +     (no boots)
MR     ++...                    (no amulet)
Stlth  +++.......               k - +200 ring of slaying
                                i - +200 ring of slaying

@: mighty, rotting, slowed, very slow, very resistant to hostile enchantments,
fairly stealthy
A: rotting body, claws 1, carnivore 3, cold resistance 1, negative energy
resistance 3, poison resistance, slow healing 1, torment resistance, unbreathing
a: Minor Destruction, Lesser Servant of Makhleb, Major Destruction, Greater
Servant of Makhleb, Renounce Religion
0: Orb of Zot


You escaped.
You worshipped Makhleb.
Makhleb was exalted by your worship.
You were not hungry.

You visited 1 branch

Inventory:

Hand weapons
 a - a +0 war axe
 g - the +โˆž Axe of Woe (weapon)
   (You found it in the Dungeon)
Armour
 b - a +0 scale mail (worn)
 c - a +0 shield
Jewellery
 i - a +200 ring of slaying (left claw)
 k - a +200 ring of slaying (right claw)
Scrolls
 j - a scroll of blinking
Potions
 d - a potion of curing
 f - a potion of heal wounds
 h - 2 potions of magic


   Skills:
 O Level 27 Fighting
 O Level 27 Axes
 O Level 27 Throwing
 O Level 27 Armour
 O Level 27 Dodging
 O Level 27 Stealth
 O Level 27 Shields
 O Level 27 Unarmed Combat
 O Level 27 Spellcasting
 O Level 27 Invocations


You had 80 spell levels left.
You didn't know any spells.

Dungeon Overview and Level Annotations

Branches:
Dungeon (1/1)

Altars:
Makhleb

Annotations:
D The Defiler


Innate Abilities, Weirdness & Mutations

Your body is rotting away.
You thrive on raw meat.
You have sharp fingernails.
You are carnivorous and can eat meat at any time.
Your flesh is cold resistant.
You are immune to negative energy.
Your system is resistant to poisons.
You heal slowly when monsters are visible.
You are immune to unholy pain and torment.
You can survive without breathing.


Message History

A hydra and 3 orcs come into view.
Unknown command.
A sea snake and 2 orcs come into view.
The bag of meat shouts!
The scourge moves out of view.
Something hits you but does no damage.
Deactivating autopickup; reactivate with Ctrl-A.
The bag of meat moves out of view.
Something bites you.
You hear a shout!
A sea snake, a hydra, an orc and a wraith come into view.
There is a staircase leading out of the dungeon, spattered with blood here.
Things that are here:
a chunk of flesh; a +9 giant spiked club; a +100 ring of slaying HP restored.
You feel something staring at you. Something smites you!
Something completely misses you.
You hear a shout!
Something bites you.
The eight-headed meat hydra moves out of view.
Something hits you but does no damage. Something hits you.
You have escaped!

...........
..o....S. #..o....#
. #.......# ..
..###... ...###W..
......%###)...%....
#...%...%_))o%.oD...
....#)%)X)#ยง......
#_5@)_# .....
#%z{xo# ....
...%..o.o%ooX.X..
.%....###....o...
..###... ...###...
#... ...# ..
#.....%.# .........
.......%


You could see a scourge (wandering), a sculptor of flesh, a large abomination, a
dread (wandering), a crimson imp and 7 bags of meat.

Vanquished Creatures
  Dispater (D)
  Harold (D)
  Sigmund (D)
  13 great orbs of eyes (D)
  13 greater mummies (D)
  13 hell beasts (D)
  14 hell knights (D)
  14 hill giants (D)
  9 hydras (D)
  8 liches (D)
  56 ogres (D)
  144 orcs (D)
  9 phantoms (D)
  10 skeletal warriors (D)
  16 vampire knights (D)
  9 wraiths (D)
  11 sea snakes (D)
  2 tentacled monstrosities (D)
  2 Shadow Fiends (D)
  2 reapers (D)
  25 large abominations (D)
  12 small abominations (D)
  20 crawling corpses (D)
405 creatures vanquished.

Vanquished Creatures (others)
  2 reapers (D)
  8 crawling corpses (D)
10 creatures vanquished.

Grand Total: 415 creatures vanquished

Notes
Turn   | Place    | Note
--------------------------------------------------------------
     0 | D        | Monkaria, the Ghoul Fighter, began the quest for the Orb.
     0 | D        | Reached XP level 1. HP: 19/19 MP: 1/1
     3 | D        | Noticed a bag of meat
     3 | D        | Noticed a bag of meat
     4 | D        | Noticed a bag of meat
     4 | D        | Noticed a bag of meat
     5 | D        | Noticed a bag of meat
     5 | D        | Noticed a bag of meat
     7 | D        | Noticed a bag of meat
     8 | D        | Noticed a bag of meat
     8 | D        | Noticed a bag of meat
     8 | D        | Killed a bag of meat
     8 | D        | Reached skill level 16 in Fighting
     8 | D        | Reached XP level 2. HP: 22/50 MP: 2/2
     8 | D        | Reached XP level 3. HP: 25/57 MP: 3/3
     8 | D        | Reached XP level 4. HP: 28/64 MP: 3/3
     8 | D        | Reached XP level 5. HP: 31/71 MP: 4/4
     8 | D        | Reached XP level 6. HP: 34/80 MP: 5/5
     8 | D        | Reached XP level 7. HP: 36/86 MP: 5/5
     8 | D        | Reached XP level 8. HP: 39/94 MP: 6/6
     8 | D        | Reached XP level 9. HP: 41/101 MP: 7/7
     8 | D        | Reached XP level 10. HP: 43/108 MP: 7/7
     8 | D        | Reached XP level 11. HP: 46/116 MP: 8/8
    10 | D        | Noticed a meat berserker
    10 | D        | Noticed a meat berserker
    11 | D        | Killed a bag of meat
    11 | D        | Reached skill level 19 in Fighting
    11 | D        | Reached XP level 12. HP: 49/130 MP: 9/9
    11 | D        | Killed a bag of meat
    11 | D        | Reached skill level 20 in Fighting
    11 | D        | Reached skill level 10 in Axes
    11 | D        | Reached XP level 13. HP: 51/140 MP: 9/9
    13 | D        | Noticed a bag of meat
    13 | D        | Killed a bag of meat
    13 | D        | Reached skill level 21 in Fighting
    13 | D        | Reached XP level 14. HP: 53/151 MP: 10/10
    14 | D        | Noticed a meat berserker
    14 | D        | Noticed a bag of meat
    14 | D        | Killed a bag of meat
    14 | D        | Reached skill level 22 in Fighting
    14 | D        | Killed a bag of meat
    14 | D        | Reached skill level 23 in Fighting
    14 | D        | Reached XP level 15. HP: 55/165 MP: 11/11
    15 | D        | Noticed a bag of meat
    15 | D        | Noticed a bag of meat
    15 | D        | Killed a meat berserker
    15 | D        | Reached skill level 24 in Fighting
    15 | D        | Killed a meat berserker
    15 | D        | Reached skill level 25 in Fighting
    16 | D        | Became a worshipper of Makhleb the Destroyer
    17 | D        | Noticed a large bag of meat
    17 | D        | Noticed a bag of meat
    17 | D        | Killed a bag of meat
    17 | D        | Reached XP level 16. HP: 18/180 MP: 11/11
    17 | D        | Killed a bag of meat
    17 | D        | Acquired Makhleb's first power
    17 | D        | Reached skill level 26 in Fighting
    18 | D        | Killed a bag of meat
    18 | D        | Reached skill level 27 in Fighting
    18 | D        | Killed a meat berserker
    18 | D        | Acquired Makhleb's second power
    19 | D        | Noticed a bag of meat
    19 | D        | Noticed a bag of meat
    21 | D        | Killed a bag of meat
    21 | D        | Reached XP level 17. HP: 128/191 MP: 12/12
    23 | D        | Killed a bag of meat
    23 | D        | Acquired Makhleb's third power
    24 | D        | Noticed a bag of meat
    25 | D        | Killed a bag of meat
    27 | D        | Killed a large bag of meat
    27 | D        | Reached skill level 27 in Axes
    27 | D        | Killed a bag of meat
    27 | D        | Acquired Makhleb's fourth power
    27 | D        | Reached XP level 18. HP: 164/200 MP: 13/13
    28 | D        | Killed a bag of meat
    29 | D        | Noticed a large bag of meat
    29 | D        | Killed a bag of meat
    29 | D        | Acquired Makhleb's fifth power
    31 | D        | Noticed a bag of meat
    31 | D        | Killed a bag of meat
    31 | D        | Reached skill level 27 in Armour
    32 | D        | Noticed a large bag of meat
    33 | D        | Killed a bag of meat
    37 | D        | Noticed a sculptor of flesh
    38 | D        | Noticed a meat berserker
    38 | D        | Killed a sculptor of flesh
    38 | D        | Reached XP level 19. HP: 199/207 MP: 13/13
    38 | D        | Killed a bag of meat
    40 | D        | Noticed a sculptor of flesh
    41 | D        | Killed a large bag of meat
    43 | D        | Noticed a destroyer
    43 | D        | Killed a large bag of meat
    44 | D        | Noticed a destroyer
    46 | D        | Noticed a destroyer
    46 | D        | Killed a meat berserker
    47 | D        | Killed a destroyer
    47 | D        | Reached skill level 27 in Dodging
    47 | D        | Killed a destroyer
    47 | D        | Reached skill level 15 in Invocations
    47 | D        | Reached XP level 20. HP: 216/216 MP: 13/34
    48 | D        | Noticed a meat berserker
    48 | D        | Noticed a meat berserker
    49 | D        | Killed a destroyer
    50 | D        | Noticed a bag of meat
    50 | D        | Noticed a bag of meat
    50 | D        | Noticed a bag of meat
    51 | D        | Noticed a large bag of meat
    52 | D        | Noticed a bag of meat
    52 | D        | Noticed an accursed
    53 | D        | Noticed a sculptor of flesh
    53 | D        | Killed a meat berserker
    54 | D        | Noticed a destroyer
    55 | D        | Killed a sculptor of flesh
    56 | D        | Killed a meat berserker
    56 | D        | Reached skill level 27 in Invocations
    56 | D        | Reached skill level 10 in Stealth
    57 | D        | Noticed a meat berserker
    57 | D        | Noticed a tyrant
    57 | D        | Killed a bag of meat
    58 | D        | Noticed a bag of meat
    58 | D        | Noticed a large bag of meat
    58 | D        | Killed a bag of meat
    58 | D        | Reached XP level 21. HP: 224/224 MP: 14/41
    60 | D        | Noticed a bag of meat
    60 | D        | Noticed an accursed
    60 | D        | Killed a destroyer
    60 | D        | Killed a bag of meat
    60 | D        | Reached skill level 27 in Stealth
    61 | D        | Noticed a meat berserker
    61 | D        | Killed a bag of meat
    62 | D        | Noticed a bag of meat
    62 | D        | Killed a large bag of meat
    63 | D        | Killed a meat berserker
    63 | D        | Reached skill level 27 in Shields
    64 | D        | Noticed a bag of meat
    64 | D        | Killed a large bag of meat
    64 | D        | Killed a sculptor of flesh
    64 | D        | Reached XP level 22. HP: 211/233 MP: 16/42
    65 | D        | Noticed a destroyer
    65 | D        | Noticed a bag of meat
    65 | D        | Noticed a bag of meat
    66 | D        | Noticed a tyrant
    66 | D        | Noticed a destroyer
    67 | D        | Noticed a tyrant
    67 | D        | Noticed The Captor
    67 | D        | Noticed an accursed
    67 | D        | Killed a bag of meat
    67 | D        | Killed a bag of meat
    69 | D        | Noticed a bag of meat
    69 | D        | Noticed a meat beast
    69 | D        | Killed a bag of meat
    69 | D        | Killed a bag of meat
    69 | D        | Reached skill level 27 in Throwing
    70 | D        | Noticed a meat beast
    70 | D        | Noticed a meat berserker
    70 | D        | Noticed a destroyer
    71 | D        | Noticed a meat berserker
    71 | D        | Noticed a meat berserker
    71 | D        | Killed a destroyer
    71 | D        | Killed a bag of meat
    72 | D        | Noticed a meat beast
    72 | D        | Noticed a meat berserker
    72 | D        | Noticed a meat beast
    72 | D        | Killed a meat berserker
    73 | D        | Noticed a meat berserker
    73 | D        | Killed a bag of meat
    73 | D        | Reached XP level 23. HP: 239/239 MP: 18/44
    74 | D        | Noticed a meat berserker
    74 | D        | Noticed an accursed
    74 | D        | Noticed a sculptor of flesh
    74 | D        | Noticed an accursed
    74 | D        | Noticed an accursed
    75 | D        | Noticed a meat berserker
    75 | D        | Noticed a bag of meat
    75 | D        | Killed a tyrant
    75 | D        | Killed a destroyer
    75 | D        | Killed a meat beast
    76 | D        | Noticed a tyrant
    76 | D        | Noticed a meat berserker
    76 | D        | Noticed a destroyer
    76 | D        | Killed a meat beast
    76 | D        | Reached skill level 27 in Spellcasting
    76 | D        | Killed a meat berserker
    76 | D        | Reached skill level 15 in Unarmed Combat
    77 | D        | Noticed a large bag of meat
    77 | D        | Noticed a dread
    77 | D        | Noticed a meat berserker
    77 | D        | Noticed a bag of meat
    77 | D        | Noticed a large bag of meat
    77 | D        | Noticed a meat berserker
    77 | D        | Killed a meat berserker
    77 | D        | Killed an accursed
    77 | D        | Killed a meat beast
    77 | D        | Reached XP level 24. HP: 248/248 MP: 18/48
    77 | D        | Killed a meat berserker
    77 | D        | Reached skill level 27 in Unarmed Combat
    78 | D        | Noticed a bag of meat
    78 | D        | Noticed a bag of meat
    78 | D        | Noticed a bag of meat
    78 | D        | Noticed a meat berserker
    78 | D        | Killed a meat berserker
    79 | D        | Noticed a bag of meat
    79 | D        | Noticed a bag of meat
    79 | D        | Noticed a meat berserker
    79 | D        | Killed a meat beast
    80 | D        | Noticed a meat berserker
    80 | D        | Noticed a meat beast
    80 | D        | Noticed a destroyer
    80 | D        | Killed a destroyer
    80 | D        | Killed a meat berserker
    81 | D        | Noticed a bag of meat
    81 | D        | Noticed a meat berserker
    81 | D        | Noticed a bag of meat
    81 | D        | Noticed a meat berserker
    81 | D        | Killed a tyrant
    81 | D        | Killed a meat berserker
    81 | D        | Killed a meat berserker
    82 | D        | Noticed a bag of meat
    82 | D        | Noticed a meat berserker
    82 | D        | Noticed a bag of meat
    82 | D        | Noticed a bag of meat
    82 | D        | Noticed a meat berserker
    82 | D        | Noticed a meat berserker
    82 | D        | Noticed a bag of meat
    82 | D        | Noticed a large bag of meat
    82 | D        | Noticed a large bag of meat
    82 | D        | Noticed a meat berserker
    82 | D        | Killed The Captor
    82 | D        | Reached XP level 25. HP: 256/256 MP: 20/48
    82 | D        | Killed a meat berserker
    83 | D        | Noticed a meat berserker
    83 | D        | Noticed a meat berserker
    83 | D        | Noticed a destroyer
    83 | D        | Killed a meat berserker
    84 | D        | Noticed a meat berserker
    84 | D        | Noticed a meat berserker
    84 | D        | Noticed a meat beast
    84 | D        | Noticed a meat berserker
    84 | D        | Killed an accursed
    84 | D        | Killed a tyrant
    84 | D        | Killed a meat berserker
    85 | D        | Noticed a bag of meat
    85 | D        | Noticed a bag of meat
    85 | D        | Noticed a destroyer
    85 | D        | Killed a tyrant
    85 | D        | Killed a destroyer
    85 | D        | Killed a bag of meat
    85 | D        | Killed a sculptor of flesh
    85 | D        | Reached XP level 26. HP: 265/265 MP: 20/48
    86 | D        | Noticed a bag of meat
    86 | D        | Noticed a bag of meat
    86 | D        | Noticed a bag of meat
    86 | D        | Noticed a dread
    86 | D        | Killed a large bag of meat
    86 | D        | Killed an accursed
    86 | D        | Killed a meat berserker
    86 | D        | Killed a bag of meat
    87 | D        | Noticed a bag of meat
    87 | D        | Noticed a meat berserker
    87 | D        | Noticed a bag of meat
    87 | D        | Noticed a sculptor of flesh
    87 | D        | Killed a meat berserker
    87 | D        | Killed a meat berserker
    88 | D        | Noticed a bag of meat
    88 | D        | Noticed a meat berserker
    88 | D        | Noticed a sculptor of flesh
    88 | D        | Noticed a meat berserker
    88 | D        | Noticed a meat beast
    88 | D        | Killed a large bag of meat
    88 | D        | Killed a destroyer
    88 | D        | Killed a meat berserker
    88 | D        | Killed a bag of meat
    89 | D        | Noticed a meat beast
    89 | D        | Noticed a meat berserker
    89 | D        | Noticed a bag of meat
    89 | D        | Killed a meat berserker
    89 | D        | Reached XP level 27. HP: 247/272 MP: 21/49
    89 | D        | Killed an accursed
    89 | D        | Killed a destroyer
    90 | D        | Noticed a bag of meat
    90 | D        | Noticed a bag of meat
    90 | D        | Noticed a bag of meat
    90 | D        | Noticed a bag of meat
    90 | D        | Noticed a tyrant
    90 | D        | Killed a dread
    90 | D        | Killed a bag of meat
    91 | D        | Noticed a meat berserker
    91 | D        | Noticed a meat berserker
    91 | D        | Killed a bag of meat
    91 | D        | Killed a bag of meat
    91 | D        | Killed a bag of meat
    91 | D        | Killed a bag of meat
    91 | D        | Killed a meat berserker
    92 | D        | Noticed a bag of meat
    92 | D        | Noticed a bag of meat
    92 | D        | Noticed a meat beast
    92 | D        | Killed a meat berserker
    92 | D        | Killed a meat berserker
    92 | D        | Killed a bag of meat
    93 | D        | Noticed a bag of meat
    93 | D        | Noticed a bag of meat
    93 | D        | Noticed a meat berserker
    93 | D        | Noticed an eight-headed meat hydra
    93 | D        | Noticed an accursed
    93 | D        | Noticed a sculptor of flesh
    93 | D        | Killed a bag of meat
    93 | D        | Killed a meat berserker
    93 | D        | Killed a meat berserker
    93 | D        | Killed a meat berserker
    94 | D        | Noticed a bag of meat
    94 | D        | Noticed a bag of meat
    94 | D        | Noticed a bag of meat
    94 | D        | Noticed a meat berserker
    94 | D        | Noticed a sculptor of flesh
    94 | D        | Killed a meat berserker
    94 | D        | Killed a meat beast
    94 | D        | Killed a meat beast
    94 | D        | Killed a meat beast
    95 | D        | Noticed a bag of meat
    95 | D        | Noticed a destroyer
    95 | D        | Killed a meat beast
    95 | D        | Killed a bag of meat
    95 | D        | Killed a bag of meat
    95 | D        | Killed a bag of meat
    95 | D        | Killed a meat berserker
    96 | D        | Killed a tyrant
    96 | D        | Killed a destroyer
    96 | D        | Killed a meat berserker
    97 | D        | Noticed a bag of meat
    97 | D        | Killed a meat beast
    97 | D        | Killed a meat berserker
    97 | D        | Killed a meat berserker
    97 | D        | Killed a meat berserker
    98 | D        | Noticed an accursed
    98 | D        | Noticed a bag of meat
    98 | D        | Noticed a meat beast
    98 | D        | Killed a bag of meat
    99 | D        | Noticed a bag of meat
    99 | D        | Noticed a bag of meat
    99 | D        | Noticed a bag of meat
    99 | D        | Noticed a bag of meat
    99 | D        | Killed an accursed
    99 | D        | Killed a meat beast
    99 | D        | Killed a meat berserker
    99 | D        | Killed a bag of meat
    99 | D        | Killed a bag of meat
   100 | D        | Noticed a bag of meat
   100 | D        | Noticed a bag of meat
   100 | D        | Noticed a large bag of meat
   100 | D        | Killed a dread
   100 | D        | Killed a bag of meat
   100 | D        | Killed a bag of meat
   100 | D        | Killed a destroyer
   101 | D        | Noticed a bag of meat
   101 | D        | Noticed an accursed
   101 | D        | Noticed a bag of meat
   101 | D        | Noticed a large bag of meat
   101 | D        | Noticed a dread
   101 | D        | Killed a meat berserker
   101 | D        | Killed a meat berserker
   101 | D        | Killed a sculptor of flesh
   101 | D        | Killed a large bag of meat
   101 | D        | Killed a bag of meat
   102 | D        | Noticed a tyrant
   102 | D        | Noticed a bag of meat
   102 | D        | Noticed a meat berserker
   102 | D        | Killed a meat berserker
   102 | D        | Killed a bag of meat
   102 | D        | Killed a sculptor of flesh
   103 | D        | Noticed a bag of meat
   103 | D        | Noticed a bag of meat
   103 | D        | Noticed a bag of meat
   103 | D        | Noticed a bag of meat
   103 | D        | Noticed a bag of meat
   103 | D        | Noticed a bag of meat
   103 | D        | Killed a meat berserker
   103 | D        | Killed a bag of meat
   103 | D        | Killed a sculptor of flesh
   103 | D        | Killed a bag of meat
   103 | D        | Killed a bag of meat
   104 | D        | Noticed a bag of meat
   104 | D        | Noticed a meat berserker
   104 | D        | Noticed a bag of meat
   104 | D        | Noticed a bag of meat
   104 | D        | Killed a bag of meat
   104 | D        | Killed a bag of meat
   104 | D        | Killed a bag of meat
   104 | D        | Killed a bag of meat
   105 | D        | Noticed a bag of meat
   105 | D        | Noticed a meat beast
   105 | D        | Killed a bag of meat
   106 | D        | Noticed a meat beast
   106 | D        | Noticed a bag of meat
   106 | D        | Noticed a bag of meat
   106 | D        | Killed a large bag of meat
   106 | D        | Killed a bag of meat
   106 | D        | Killed a bag of meat
   107 | D        | Noticed a bag of meat
   107 | D        | Noticed a bag of meat
   107 | D        | Noticed a meat berserker
   107 | D        | Noticed a bag of meat
   107 | D        | Killed a bag of meat
   107 | D        | Killed a bag of meat
   107 | D        | Killed a bag of meat
   107 | D        | Killed a bag of meat
   107 | D        | Killed a bag of meat
   108 | D        | Noticed a bag of meat
   108 | D        | Noticed a bag of meat
   108 | D        | Noticed an accursed
   108 | D        | Killed a bag of meat
   109 | D        | Noticed a bag of meat
   109 | D        | Noticed a bag of meat
   109 | D        | Noticed a sculptor of flesh
   109 | D        | Killed a bag of meat
   109 | D        | Killed a bag of meat
   109 | D        | Killed an observer
   109 | D        | Killed a bag of meat
   110 | D        | Noticed a tyrant
   110 | D        | Noticed a bag of meat
   110 | D        | Noticed a bag of meat
   110 | D        | Noticed a meat berserker
   110 | D        | Killed a bag of meat
   110 | D        | Killed a bag of meat
   110 | D        | Killed a wretched soul
   110 | D        | Killed a sculptor of flesh
   110 | D        | Killed a bag of meat
   111 | D        | Noticed a bag of meat
   111 | D        | Noticed a bag of meat
   111 | D        | Noticed a meat berserker
   111 | D        | Killed an observer
   111 | D        | Killed an accursed
   112 | D        | Noticed a meat berserker
   112 | D        | Noticed The Servant
   112 | D        | Killed a meat berserker
   112 | D        | Killed a bag of meat
   113 | D        | Noticed a bag of meat
   113 | D        | Killed a bag of meat
   113 | D        | Killed a meat berserker
   113 | D        | Killed a bag of meat
   114 | D        | Noticed a bag of meat
   114 | D        | Noticed a dread
   114 | D        | Noticed a bag of meat
   114 | D        | Killed a large bag of meat
   114 | D        | Killed a bag of meat
   114 | D        | Killed an observer
   114 | D        | Killed a meat berserker
   114 | D        | Killed a bag of meat
   115 | D        | Noticed a bag of meat
   115 | D        | Noticed a destroyer
   115 | D        | Noticed a meat berserker
   115 | D        | Killed a large bag of meat
   115 | D        | Killed a meat beast
   115 | D        | Killed a bag of meat
   115 | D        | Killed a bag of meat
   115 | D        | Killed a bag of meat
   116 | D        | Killed a nine-headed meat hydra
   116 | D        | Killed a bag of meat
   116 | D        | Killed a meat berserker
   116 | D        | Killed a meat berserker
   117 | D        | Noticed an accursed
   117 | D        | Noticed a meat berserker
   117 | D        | Noticed a bag of meat
   117 | D        | Noticed a meat berserker
   117 | D        | Killed a meat beast
   117 | D        | Killed a bag of meat
   117 | D        | Killed a bag of meat
   117 | D        | Killed a bag of meat
   118 | D        | Noticed a bag of meat
   118 | D        | Killed a bag of meat
   118 | D        | Killed a bag of meat
   118 | D        | Killed a bag of meat
   118 | D        | Killed a bag of meat
   119 | D        | Noticed a bag of meat
   119 | D        | Noticed a bag of meat
   119 | D        | Killed a destroyer
   119 | D        | Killed an accursed
   119 | D        | Killed a bag of meat
   120 | D        | Noticed a bag of meat
   120 | D        | Killed an accursed
   120 | D        | Killed a bag of meat
   121 | D        | Noticed a bag of meat
   121 | D        | Killed a meat berserker
   121 | D        | Killed a bag of meat
   122 | D        | Noticed a bag of meat
   122 | D        | Noticed a bag of meat
   122 | D        | Killed a bag of meat
   122 | D        | Killed an observer
   122 | D        | Killed a dread
   123 | D        | Noticed a bag of meat
   123 | D        | Killed a bag of meat
   123 | D        | Killed a bag of meat
   124 | D        | Noticed a dread
   124 | D        | Noticed a bag of meat
   124 | D        | Noticed a sculptor of flesh
   124 | D        | Killed a meat berserker
   124 | D        | Killed a bag of meat
   124 | D        | Killed a bag of meat
   124 | D        | Killed a bag of meat
   124 | D        | Killed a bag of meat
   125 | D        | Killed a meat berserker
   125 | D        | Killed a bag of meat
   126 | D        | Noticed a bag of meat
   126 | D        | Noticed a bag of meat
   126 | D        | Noticed an accursed
   126 | D        | Killed a tyrant
   126 | D        | Killed a bag of meat
   127 | D        | Noticed a bag of meat
   127 | D        | Killed an accursed
   127 | D        | Killed a bag of meat
   127 | D        | Killed a wretched soul
   127 | D        | Killed a bag of meat
   128 | D        | Noticed a bag of meat
   128 | D        | Killed an accursed
   128 | D        | Killed a sculptor of flesh
   128 | D        | Killed a bag of meat
   129 | D        | Noticed a bag of meat
   129 | D        | Noticed a bag of meat
   129 | D        | Killed a bag of meat
   130 | D        | Noticed a bag of meat
   130 | D        | Noticed a bag of meat
   130 | D        | Killed a meat berserker
   130 | D        | Killed a bag of meat
   130 | D        | Killed a bag of meat
   130 | D        | Killed a bag of meat
   131 | D        | Noticed a fleshlord
   131 | D        | Noticed a bag of meat
   131 | D        | Noticed a bag of meat
   131 | D        | Killed a bag of meat
   132 | D        | Killed an accursed
   132 | D        | Killed an accursed
   132 | D        | Killed a bag of meat
   132 | D        | Killed a dread
   133 | D        | Noticed a bag of meat
   133 | D        | Killed an observer
   134 | D        | Killed a sculptor of flesh
   134 | D        | Killed a bag of meat
   134 | D        | Killed a bag of meat
   134 | D        | Killed a bag of meat
   135 | D        | Noticed a bag of meat
   135 | D        | Noticed a bag of meat
   135 | D        | Noticed a meat berserker
   135 | D        | Killed a fleshlord
   136 | D        | Noticed a fleshlord
   136 | D        | Noticed a bag of meat
   136 | D        | Killed a bag of meat
   136 | D        | Killed a wretched soul
   136 | D        | Killed a bag of meat
   137 | D        | Noticed a bag of meat
   137 | D        | Noticed a bag of meat
   137 | D        | Killed an observer
   138 | D        | Killed a bag of meat
   138 | D        | Killed a bag of meat
   138 | D        | Killed a bag of meat
   139 | D        | Noticed a fleshlord
   139 | D        | Killed a bag of meat
   139 | D        | Killed a bag of meat
   140 | D        | Killed a dread
   141 | D        | Noticed a bag of meat
   141 | D        | Noticed The Defiler
   141 | D        | Noticed a bag of meat
   141 | D        | Noticed a bag of meat
   141 | D        | Noticed a dread
   141 | D        | Noticed a bag of meat
   141 | D        | Noticed a destroyer
   141 | D        | Noticed a large bag of meat
   141 | D        | Noticed a destroyer
   141 | D        | Noticed a bag of meat
   141 | D        | Noticed a meat berserker
   142 | D        | Noticed an accursed
   142 | D        | Noticed a bag of meat
   142 | D        | Noticed a fleshlord
   142 | D        | Noticed a fleshlord
   142 | D        | Noticed a fleshlord
   142 | D        | Killed The Servant
   142 | D        | Killed a bag of meat
   142 | D        | Killed a wretched soul
   142 | D        | Killed a bag of meat
   142 | D        | Killed a destroyer
   142 | D        | Killed an observer
   143 | D        | Noticed a fleshlord
   143 | D        | Noticed a fleshlord
   143 | D        | Killed a meat berserker
   143 | D        | Killed a bag of meat
   143 | D        | Killed a bag of meat
   144 | D        | Noticed a fleshlord
   144 | D        | Killed a bag of meat
   144 | D        | Killed a meat berserker
   144 | D        | Killed a bag of meat
   145 | D        | Noticed a bag of meat
   145 | D        | Killed a destroyer
   145 | D        | Killed a wretched soul
   145 | D        | Killed a bag of meat
   146 | D        | Noticed a fleshlord
   146 | D        | Noticed a fleshlord
   146 | D        | Noticed a bag of meat
   146 | D        | Noticed a meat berserker
   146 | D        | Killed a meat berserker
   146 | D        | Killed a bag of meat
   146 | D        | Killed a fleshlord
   146 | D        | Killed a fleshlord
   147 | D        | Killed a bag of meat
   147 | D        | Killed a bag of meat
   148 | D        | Noticed a destroyer
   148 | D        | Noticed a meat berserker
   148 | D        | Killed a fleshlord
   148 | D        | Killed a bag of meat
   148 | D        | Killed a bag of meat
   149 | D        | Killed a destroyer
   149 | D        | Killed a bag of meat
   149 | D        | Killed a tyrant
   150 | D        | Noticed The Meatlord
   150 | D        | Killed a fleshlord
   150 | D        | Killed a fleshlord
   151 | D        | Noticed a fleshlord
   151 | D        | Noticed a large bag of meat
   151 | D        | Killed a fleshlord
   151 | D        | Killed a wretched soul
   151 | D        | Killed a bag of meat
   151 | D        | Killed a dread
   152 | D        | Killed a fleshlord
   153 | D        | Killed a fleshlord
   153 | D        | Killed a wretched soul
   154 | D        | Killed a large bag of meat
   155 | D        | Noticed a bag of meat
   155 | D        | Killed a large bag of meat
   155 | D        | Killed a meat berserker
   156 | D        | Noticed a bag of meat
   157 | D        | Noticed a bag of meat
   157 | D        | Killed a fleshlord
   157 | D        | Killed an observer
   157 | D        | Killed a fleshlord
   157 | D        | Killed a fleshlord
   158 | D        | Noticed a meat berserker
   158 | D        | Killed a bag of meat
   158 | D        | Killed a bag of meat
   158 | D        | Killed a bag of meat
   159 | D        | Noticed a meat beast
   159 | D        | Noticed a fleshlord
   159 | D        | Noticed a large bag of meat
   159 | D        | Killed a bag of meat
   159 | D        | Killed an observer
   160 | D        | Killed a bag of meat
   160 | D        | Killed a bag of meat
   161 | D        | Noticed a bag of meat
   161 | D        | Killed a meat berserker
   162 | D        | Noticed a bag of meat
   162 | D        | Killed The Meatlord
   162 | D        | Killed a bag of meat
   163 | D        | Noticed a dread
   163 | D        | Noticed a bag of meat
   163 | D        | Killed an accursed
   163 | D        | Killed a meat beast
   164 | D        | Killed a large bag of meat
   164 | D        | Killed an observer
   165 | D        | Noticed a bag of meat
   165 | D        | Killed a bag of meat
   166 | D        | Got the Orb of Zot
   167 | D        | Noticed a meat berserker
   167 | D        | Noticed a tyrant
   167 | D        | Noticed a bag of meat
   167 | D        | Killed a bag of meat
   167 | D        | Killed a bag of meat
   168 | D        | Killed a bag of meat
   168 | D        | Killed a bag of meat
   168 | D        | Killed an observer
   169 | D        | Noticed a dread
   169 | D        | Noticed a bag of meat
   169 | D        | Noticed a meat berserker
   169 | D        | Killed a meat berserker
   169 | D        | Killed a fleshlord
   169 | D        | Killed an observer
   169 | D        | Noticed a fleshlord
   170 | D        | Killed a dread
   170 | D        | Killed a tyrant
   170 | D        | Killed a wretched soul
   171 | D        | Noticed a dread
   171 | D        | Killed a meat berserker
   171 | D        | Killed a bag of meat
   172 | D        | Noticed a sculptor of flesh
   173 | D        | Killed a dread
   174 | D        | Noticed a bag of meat
   174 | D        | Killed a wretched soul
   174 | D        | Killed an observer
   175 | D        | Killed a dread
   175 | D        | Killed a fleshlord
   176 | D        | Noticed a bag of meat
   176 | D        | Noticed a bag of meat
   176 | D        | Noticed a bag of meat
   176 | D        | Noticed a bag of meat
   176 | D        | Noticed a bag of meat
   177 | D        | Noticed a dread
   177 | D        | Noticed a bag of meat
   178 | D        | Escaped with the Orb!

Action                   |  1- 3 |  4- 6 |  7- 9 | 10-12 | 13-15 | 16-18 | 19-21 | 22-24 | 25-27 || total
-------------------------+-------+-------+-------+-------+-------+-------+-------+-------+-------++-------
Melee: Executioner's axe |     1 |       |       |     1 |     4 |    10 |    15 |    13 |    89 ||   133
  Use: Potion            |     1 |       |       |       |       |       |       |       |     1 ||     2
